[Event "48th Continental Open"]
[Site "Sturbridge, MA"]
[Date "2018.08.16"]
[Round "1.5"]
[White "Kavi, Nithin"]
[Black "Matsenko, Sergei"]
[Result "0-1"]
[ECO "D02"]
[WhiteElo "1995"]
[BlackElo "2533"]
[PlyCount "108"]
[EventDate "2018.08.??"]
[EventType "swiss"]
[EventRounds "9"]
[EventCountry "USA"]
[TimeControl "6000+10"]
[WhiteClock "0:12:04"]
[BlackClock "1:39:47"]

1. Nf3 d5 2. d4 Nf6 3. c4 c6 4. Qc2 g6 5. Bf4 Bg7 6. e3 O-O 7. Nc3 Be6 8. Qb3 Qb6 9. c5 Qxb3 10.
axb3 Nbd7 11. h3 Ne4 12. b4 a6 13. Bd3 Nxc3 14. bxc3 f6 15.
Nd2 Bf7 16. Nb3 e5 17. Bh2 Rfe8 18. Na5 Ra7 19. O-O f5 20. Rfe1 Be6 21. Rad1 e4 22. Be2 Nf6 23. Bc7 Re7 24. Bh2 Ra8 25. Rb1 Rd7 26. Rec1 g5 27. Be5 Kf7 28. c4 Kg6 29. Kh2 Ne8 30. Bxg7 Rxg7 31. cxd5 Bxd5 32. Nc4 Bxc4 33. Bxc4 Nf6 34. Rd1 Rd8 35. Rd2 h5 36. Rbd1 h4 37. d5 cxd5 38. Rd4 Rgd7 39. Bb3 Kf7 40. b5 axb5 41. Rb4 Ke6 42. Rxb5 Rc8 43. Ra1 Ke5 44. Ra4 f4 45. Rab4 fxe3 46. fxe3 g4 47. Bd1 g3+ 48. Kg1 Rcc7 49. Ra4 Rf7 50. Ra8 b6 51. Rxb6 Rxc5 52. Rb1 Rc3 53. Rh8 Rxe3 54. Rxh4 Re1# 0-1

[Event "48th Continental Open"]
[Site "Sturbridge, MA"]
[Date "2018.08.16"]
[Round "1.6"]
[White "Gorovets, Andrey"]
[Black "Poliannikov, Danila"]
[Result "1-0"]
[ECO "A45"]
[WhiteElo "2495"]
[BlackElo "1994"]
[PlyCount "79"]
[EventDate "2018.08.??"]
[EventType "swiss"]
[EventRounds "9"]
[EventCountry "USA"]
[TimeControl "6000+10"]
[WhiteClock "0:04:36"]
[BlackClock "0:34:33"]

1. d4 Nf6 2. Bf4 d6 3. Nc3 g6 4. e4 Bg7 5. Qd2 O-O 6. Nf3 c5 7. dxc5 dxc5 8. O-O-O Nc6 9. Qxd8 Rxd8 10. Rxd8+ Nxd8 11. h3 Be6 12. Ng5 Bd7 13. Be3 b6 14. e5 Ne8 15. f4 Ne6 16. Nxe6 Bxe6 17. Be2 Rd8 18.
Nb5 a6 19. Nc3 Nc7 20. a4 a5 21. Nb1 Nd5 22. Rd1 Rd7 23. Bd2 g5 24. Bb5 Rd8 25. f5 Bxf5 26. Bxg5 Bxc2 27. Rxd5 Rxd5 28. Kxc2 Rxe5 29. Bf4 Rf5 30. Bc7 Rf2+ 31. Kd3 Rxb2 32. Nd2 Bh6 33. Nc4 Rxg2 34. Nxb6 f5 35. Nc4 f4 36. Ke4 Rf2 37. Bxa5 Bg7 38. Bc7 f3 39. Ne5 Ra2 40. Bc4+ 1-0

[Event "48th Continental Open"]
[Site "Sturbridge, MA"]
[Date "2018.08.16"]
[Round "1.8"]
[White "Mulyar, Michael"]
[Black "Fiedler, Brian"]
[Result "1-0"]
[ECO "E62"]
[WhiteElo "2374"]
[BlackElo "1978"]
[PlyCount "47"]
[EventDate "2018.08.??"]
[EventType "swiss"]
[EventRounds "9"]
[EventCountry "USA"]
[TimeControl "6000+10"]
[WhiteClock "0:48:13"]
[BlackClock "0:21:58"]

1. d4 Nf6 2. Nf3 g6 3. c4 Bg7 4. g3 O-O 5. Bg2 d6 6. O-O Nc6 7. Nc3 Bg4 8. d5 Na5 9. Qd3 c5 10. h3 Bxf3 11. exf3 Nd7 12. f4 a6 13. Rb1 Rb8 14. b3 Qc7 15. a4 b6 16. Bd2 Nb7 17. f5 Rbe8 18.
Rbe1 gxf5 19. Qxf5 e6 20. Qh5 Nd8 21. dxe6 fxe6 22. Nd5 Qa7 23. Bg5 Nc6 24. Be4 1-0

[Event "48th Continental Open"]
[Site "Sturbridge, MA"]
[Date "2018.08.16"]
[Round "2.5"]
[White "Matsenko, Sergei"]
[Black "Graif, William"]
[Result "1/2-1/2"]
[ECO "E48"]
[WhiteElo "2533"]
[BlackElo "2123"]
[PlyCount "68"]
[EventDate "2018.08.??"]
[EventType "swiss"]
[EventRounds "9"]
[EventCountry "USA"]
[TimeControl "6000+10"]
[WhiteClock "0:43:56"]
[BlackClock "0:00:45"]

1. d4 Nf6 2. c4 e6 3. Nc3 Bb4 4. e3 O-O 5. Bd3 d5 6. Nge2 c5 7. cxd5 cxd4 8.
exd4 Nxd5 9. O-O Nc6 10. Nxd5 Qxd5 11. Qc2 h6 12. Rd1 Bd6 13. a3 Rd8 14. Be4 Qh5 15. h3 Bd7 16. d5 Na5 17. Bf3 Qh4 18.
Qc3 Qa4 19. Rd4 Qb5 20. a4 Qc5 21. Qd3 e5 22. b4 Qc7 23.
Rh4 Be7 24. Re4 f5 25. bxa5 fxe4 26. Qxe4 Qxa5 27. Bxh6 Qa6 28.
Be3 Rac8 29. d6 Bc6 30. Qxe5
Bxd6 31. Qe6+ Kh8 32. Bd4 Bf8 33. Qh6+ Kg8 34. Qe6+ Kh8 1/2-1/2

[Event "48th Continental Open"]
[Site "Sturbridge, MA"]
[Date "2018.08.16"]
[Round "2.7"]
[White "Chen, Jacob"]
[Black "Mulyar, Michael"]
[Result "0-1"]
[ECO "C44"]
[WhiteElo "2084"]
[BlackElo "2374"]
[PlyCount "118"]
[EventDate "2018.08.??"]
[EventType "swiss"]
[EventRounds "9"]
[EventCountry "USA"]
[TimeControl "6000+10"]
[WhiteClock "0:03:34"]
[BlackClock "0:43:59"]

1. e4 e5 2. Nf3 Nc6 3. c3 Nf6 4. d4 Nxe4 5. d5 Ne7 6. Nxe5 Ng6 7. Qd4 Qe7 8. Qxe4 Qxe5 9. Qxe5+ Nxe5 10. Bf4 d6 11. Na3 Bf5 12. O-O-O O-O-O 13. Nc4 Nxc4 14. Bxc4 Be7 15. Bd3 Bxd3 16. Rxd3 Bf6 17. Re1 Rde8 18. Rxe8+ Rxe8 19. Re3 Be5 20. Bxe5 dxe5 21.
c4 Kd7 22. Kd2 Kd6 23. Kc3 f5 24. b3 a6 25. a3 g6 26. Rh3 Re7 27. Rh6 e4 28.
Kd4 c5+ 29. Ke3 Ke5 30. Rh4 b5 31. f4+ Kf6 32. Kd2 bxc4 33.
bxc4 Rb7 34. Kc2 e3 35. Rh3 Re7 36. Kd1 Re4 37. Ke2 Rxc4 38.
Rxe3 Rxf4 39. Re6+ Kg5 40. Rxa6 Re4+ 41. Kf3 Rd4 42. d6 Kf6 43. Rc6 Rc4 44. d7+ Ke7 45. Rd6 Kd8 46. Ke3 Rc3+ 47. Rd3 Rxd3+ 48. Kxd3 Kxd7 49. Kc4 Kc6 50. h4 h6 51. a4 g5 52. hxg5 hxg5 53. g3 f4 54. gxf4 gxf4 55. a5 f3 56. Kd3 Kb5 57. Ke3 Kxa5 58.
Kxf3 Kb4 59. Ke3 Kc3 0-1

[Event "48th Continental Open"]
[Site "Sturbridge, MA"]
[Date "2018.08.16"]
[Round "2.10"]
[White "Kim, Yoon-Young"]
[Black "Riddell, Connor"]
[Result "1-0"]
[ECO "A56"]
[WhiteElo "2360"]
[BlackElo "1716"]
[PlyCount "43"]
[EventDate "2018.08.??"]
[EventType "swiss"]
[EventRounds "9"]
[EventCountry "USA"]
[TimeControl "6000+10"]
[WhiteClock "1:05:34"]
[BlackClock "1:24:16"]

1. d4 Nf6 2. c4 c5 3. d5 e5 4. Nc3 d6 5. g3 Be7 6. Bg2 O-O 7. e4 Ne8 8. h4 f5 9. exf5 Bxf5 10. Bh3 g6 11. h5 Bg5 12. hxg6 hxg6 13. Bxf5 Rxf5 14. Ne4 Bxc1 15. Qxc1 Qe7 16. Ne2 Nd7 17. g4 Rf7 18. Qh6 Rg7 19. Ng5 Kf8 20. Qh8+ Rg8 21. Ne6+ Kf7 22. Rh7+ 1-0

[Event "48th Continental Open"]
[Site "Sturbridge, MA"]
[Date "2018.08.16"]
[Round "2.11"]
[White "Procyk, Marijan"]
[Black "Mishra, Abhimanyu"]
[Result "0-1"]
[ECO "D35"]
[WhiteElo "1940"]
[BlackElo "2166"]
[PlyCount "118"]
[EventDate "2018.08.??"]
[EventType "swiss"]
[EventRounds "9"]
[EventCountry "USA"]
[TimeControl "6000+10"]
[WhiteClock "0:08:12"]
[BlackClock "0:01:10"]

1. d4 d5 2. c4 e6 3. Nc3 Nf6 4. cxd5 exd5 5. Bg5 c6 6. e3 Be7 7. Bd3 Nbd7 8. Nf3 h6 9. Bh4 Nh5 10.
Bg3 Nxg3 11. hxg3 Nb6 12. Qc2 Bd6 13. O-O-O Qc7 14. Kb1 Bd7 15. Rc1 O-O-O 16. Qb3 Be6 17. Nb5 Qb8 18. Nxd6+ Qxd6 19. Ne5 f6 20. Ng6 Rhe8 21. Nf4 Bf7 22. Rc2 Kb8 23. Bg6 Bxg6 24. Nxg6 Nc4 25. Nf4 Rd7 26. Rhc1 Rde7 27. Nd3 Ka8 28. Nc5 f5 29. Qd3 Qf6 30. Rc3 g5 31. b3 Nd6 32. Nxb7 Rxb7 33. Rxc6 Qd8 34. Qa6 Rb6 35. Qa4 Qd7 36. Rxb6 Qxa4 37. Rxd6 Qa5 38. Rxh6 Qd2 39. Rc2 Qd3 40. Kb2 f4 41. gxf4 gxf4 42. Rc3 Qf1 43. Rc2 Qxg2 44. Rf6 fxe3 45. fxe3 Qg5 46. Rf4 Rxe3 47. Rf8+ Kb7 48. Rf7+ Re7 49. Rf3 Qg4 50. Rd3 Re2 51. Rdd2 Rxd2 52. Rxd2 Kc6 53. Kc3 Qg1 54. Kd3 Kb5 55. Kc3 Qe3+ 56. Kc2 Kb4 57. Rd3 Qe4 58. a4 a5 59. Kd2 Qxd3+ 0-1

[Event "48th Continental Open"]
[Site "Sturbridge, MA"]
[Date "2018.08.16"]
[Round "2.12"]
[White "Falcao, Wesley"]
[Black "Ramanathan, Suraj"]
[Result "1/2-1/2"]
[ECO "A15"]
[WhiteElo "2148"]
[BlackElo "1961"]
[PlyCount "62"]
[EventDate "2018.08.??"]
[EventType "swiss"]
[EventRounds "9"]
[EventCountry "USA"]
[TimeControl "6000+10"]
[WhiteClock "0:05:21"]
[BlackClock "0:37:31"]

1. c4 Nf6 2. g3 g6 3. Bg2 Bg7 4. Nc3 O-O 5. Rb1 d6 6. b4 e5 7. e3 Re8 8. d3 c6 9. b5 d5 10. bxc6 bxc6 11. cxd5 cxd5 12. Nge2 Be6 13.
O-O Nc6 14. Qa4 Qd7 15. d4 exd4 16. exd4 Bf5 17. Rb2 Rac8 18. Rd1 Ne4 19. Nxe4 Bxe4 20. Be3 Bxg2 21. Kxg2 Qe6 22. Rb3 Qe4+ 23. f3 Qc2 24. Rd2 Qxd2 25. Bxd2 Rxe2+ 26. Kh3 Rxd2 27. Rc3 Bxd4 28. Rxc6 Rb8 29. Rc2 Rxc2 30. Qxc2 Rb2 31. Qa4 Rd2 1/2-1/2

[Event "48th Continental Open"]
[Site "Sturbridge, MA"]
[Date "2018.08.16"]
[Round "2.23"]
[White "Poliannikov, Danila"]
[Black "Lu, Jason"]
[Result "1/2-1/2"]
[ECO "B91"]
[WhiteElo "1994"]
[BlackElo "1826"]
[PlyCount "101"]
[EventDate "2018.08.??"]
[EventType "swiss"]
[EventRounds "9"]
[EventCountry "USA"]
[TimeControl "6000+10"]
[WhiteClock "0:15:55"]
[BlackClock "0:02:20"]

1. e4 c5 2. Nf3 d6 3. d4 cxd4 4. Nxd4 Nf6 5. Nc3 a6 6. g3 b5 7. Bg2 Bb7 8. a4 bxa4 9. O-O e6 10. Rxa4 Nbd7 11. Nb3 Rb8 12. Qe2 Be7 13. Be3 O-O 14. Rd1 Nb6 15. Rb4 Nfd7 16. Na4 Nxa4 17. Rxa4 Bc6 18. Raa1 Bb5 19. c4 Bc6 20. Rxa6 Qc8 21. Ra3 d5 22. exd5 Bxd5 23. cxd5 Bxa3 24. bxa3 Rxb3 25. dxe6 fxe6 26. Qa2 Qc3 27. Bd4 Qc4 28. Bxg7 Kxg7 29. Rxd7+ Rf7 30. Qa1+ Rc3 31. Bf1 Qc5 32. Rxf7+ Kxf7 33. Qb1 Rc2 34. Qb7+ Kg8 35. Qf3 Qd4 36. Bd3 Rb2 37. Kg2 Kg7 38. Be4 Qd2 39. Qg4+ Kh8 40. Qf3 Kg7 41. Bd3 h5 42. Bc4 Qh6 43. a4 Qf6 44. Qe3 Rb4 45. Bb5 h4 46. Bd7 h3+ 47. Kxh3 Qf5+ 48. Kg2 Qd5+ 49. Kh3 Qxd7 50. Qg5+ Kf7 51. Qh5+ 1/2-1/2

[Event "48th Continental Open"]
[Site "Sturbridge, MA"]
[Date "2018.08.17"]
[Round "3.8"]
[White "Sage, J Timothy"]
[Black "Isakov, Michael"]
[Result "0-1"]
[ECO "D61"]
[WhiteElo "2036"]
[BlackElo "2163"]
[PlyCount "84"]
[EventDate "2018.08.??"]
[EventType "swiss"]
[EventRounds "9"]
[EventCountry "USA"]
[TimeControl "6000+10"]
[WhiteClock "0:11:51"]

1. d4 d5 2. c4 e6 3. Nc3 Be7 4. Nf3 Nf6 5. Bg5 O-O 6. e3 Nbd7 7. Qc2 h6 8. cxd5 exd5 9. Bf4 c5 10.
Bd3 Qa5 11. O-O Rd8 12. Rfe1 Nf8 13. dxc5 Qxc5 14. Nd4 Bd7 15. Nf5 Bxf5 16. Bxf5 Bd6 17. Bxd6 Rxd6 18. Ne2 Qb6 19. Nd4 Ne6 20. Red1 Nxd4 21. Rxd4 Rc6 22. Qe2 g6 23. Bh3 Re8 24. Rad1 Re4 25. g3 Rxd4 26. Rxd4 Rc1+ 27. Rd1 Rxd1+ 28. Qxd1 Qxb2 29. a4 Ne4 30. Qe1 Nc3 31. a5 b5 32. axb6 axb6 33. Bg2 b5 34. e4 d4 35. Bf1 Qc2 36. e5 d3 37. e6 Ne2+ 38. Bxe2 Qxe2 39. Qc3 d2 40. Qc8+ Kh7 41. exf7 d1=Q+ 42. Kg2 Qdf1# 0-1

[Event "48th Continental Open"]
[Site "Sturbridge, MA"]
[Date "2018.08.17"]
[Round "3.10"]
[White "Kavi, Nithin"]
[Black "Falcao, Wesley"]
[Result "1-0"]
[ECO "B38"]
[WhiteElo "1995"]
[BlackElo "2148"]
[PlyCount "95"]
[EventDate "2018.08.??"]
[EventType "swiss"]
[EventRounds "9"]
[EventCountry "USA"]
[TimeControl "6000+10"]
[WhiteClock "0:00:23"]
[BlackClock "0:00:13"]

1. Nf3 c5 2. c4 g6 3. e4 Bg7 4. d4 cxd4 5. Nxd4 Nc6 6. Be3 Nf6 7. Nc3 d6 8. Be2 O-O 9. O-O Bd7 10. Nc2 Qa5 11. f3 Rfc8 12. Qd2 Ne5 13. c5 Be6 14. cxd6 exd6 15. Qxd6 Bf8 16. Qd2 Rd8 17. Qe1 Qc7 18. Nd4 a6 19. Qf2 Bc4 20.
Rfd1 b5 21. Rac1 Qb7 22. Bg5 Be7 23. Qg3 Nh5 24. Qh4 f6 25.
Be3 b4 26. Nd5 Rxd5 27. exd5 Bxd5 28. f4 f5 29. Qh3 Ng4 30. Nxf5 gxf5 31. Rxd5 Qxd5 32. Bc4 Qxc4 33. Rxc4 Rd8 34. Rc1 Nhf6 35. Bb6 Rd6 36. Qb3+ Kg7 37. Bc7 Rd7 38. h3 Nd5 39. hxg4 Nxc7 40. gxf5 Bf6 41. Rd1 Bd4+ 42. Kf1 Rd6 43. Qxb4 Nb5 44. Qxd6 Nxd6 45. Rxd4 Nxf5 46. Ra4 Ne3+ 47. Kf2 Nd5 48. Kf3 1-0

[Event "48th Continental Open"]
[Site "Sturbridge, MA"]
[Date "2018.08.17"]
[Round "3.15"]
[White "Bader, Jeremy"]
[Black "Torres, Yelfry"]
[Result "1/2-1/2"]
[ECO "B66"]
[WhiteElo "1845"]
[BlackElo "2120"]
[PlyCount "115"]
[EventDate "2018.08.??"]
[EventType "swiss"]
[EventRounds "9"]
[EventCountry "USA"]
[TimeControl "6000+10"]
[WhiteClock "0:02:17"]
[BlackClock "0:00:30"]

1. e4 c5 2. Nf3 Nc6 3. d4 cxd4 4. Nxd4 Nf6 5. Nc3 d6 6. Bg5 e6 7. Qd2 a6 8. f4 h6 9. Bh4 Nxe4 10. Nxe4 Qxh4+ 11. g3 Qd8 12. O-O-O Bd7 13. Bg2 d5 14. Nc3 Be7 15. Nb3 Qc7 16. Rhe1 O-O-O 17. Bxd5 Nb4 18. Be4 Bf6 19. a3 Bxc3 20. bxc3 Bc6 21. Nd4 Bxe4 22. axb4 Bf3 23. Qe3 Bxd1 24. Rxd1 Rhe8 25. Re1 Rd5 26. Kb2 Kb8 27. Qe4 Rc8 28. Re3 Qc4 29. Rd3 g6 30. Qe3 a5 31. bxa5 Rxa5 32.
Nb3 Rd5 33. Rd4 Rxd4 34. Nxd4 h5 35. Qe5+ Qc7 36. Qe3 Qb6+ 37. Kc1 Qa5 38. Kb2 Qd5 39. Nb3 Re8 40. Qb6 Qc6 41. Qb4 Kc7 42. Qd4 b6 43. Qf6 Qd7 44. Nd4 Kb7 45. Qe5 Rc8 46. Nb3 Ra8 47. Qf6 Ra4 48. Qe5 Qe7 49. Qb5 Qa3+ 50. Kb1 Qa2+ 51. Kc1 Qa3+ 52. Kb1 Kc7 53. Qe8 Re4 54. Qxf7+ Kd8 55. Qg8+ Ke7 56. Qg7+ Kd8 57. Qg8+ Ke7 58. Qg7+ 1/2-1/2

[Event "48th Continental Open"]
[Site "Sturbridge, MA"]
[Date "2018.08.17"]
[Round "3.20"]
[White "Luo, Ryan"]
[Black "Poliannikov, Danila"]
[Result "0-1"]
[ECO "A62"]
[WhiteElo "1805"]
[BlackElo "1994"]
[PlyCount "92"]
[EventDate "2018.08.??"]
[EventType "swiss"]
[EventRounds "9"]
[EventCountry "USA"]
[TimeControl "6000+10"]
[WhiteClock "0:01:31"]
[BlackClock "0:11:51"]

1. d4 Nf6 2. c4 c5 3. d5 e6 4. Nc3 exd5 5. cxd5 d6 6. Nf3 g6 7. g3 Bg7 8. Bg2 O-O 9. O-O Re8 10. Nd2 b6 11. Re1 Ba6 12. a4 Nbd7 13. Qc2 Ne5 14. h3 Nd3 15. Rd1 Nxc1 16. Raxc1 Bxe2 17. Nxe2 Rxe2 18. Qd3 Re7 19. Nc4 Nd7 20. Qd2 Ne5 21. Ne3 Re8 22. Re1 Qf6 23. f4 Nd7 24. Nc4 a6 25.
Qc3 Qd8 26. Rxe8+ Qxe8 27. Qb3 Qe7 28. Kh2 Rb8 29. Qc2 b5 30.
Na5 Qe3 31. Nc6 Re8 32. axb5 axb5 33. Ra1 Nf6 34. Ra3 Qe1 35. Qb3 Qf2 36. Qf3 Qxb2 37. Ra7 h5 38. f5 g5 39. Ne7+ Kh7 40. Qe3 Bf8 41. g4 Nxd5 42. Qxg5 Qe5+ 43. Kh1 Bxe7 44. Qxh5+ Kg7 45. g5 Qxf5 46. Qh6+ Kg8 0-1

[Event "48th Continental Open"]
[Site "Sturbridge, MA"]
[Date "2018.08.17"]
[Round "4.5"]
[White "Markzon, Gregory"]
[Black "Mulyar, Michael"]
[Result "1/2-1/2"]
[ECO "D10"]
[WhiteElo "2114"]
[BlackElo "2374"]
[PlyCount "138"]
[EventDate "2018.08.??"]
[EventType "swiss"]
[EventRounds "9"]
[EventCountry "USA"]
[TimeControl "6000+10"]
[WhiteClock "0:00:58"]
[BlackClock "0:29:50"]

1. d4 d5 2. c4 c6 3. Nc3 Nf6 4. Bg5 dxc4 5. a4 Qb6 6. Qd2 Be6 7. e4 Na6 8. a5 Qd8 9. Nf3 g6 10. e5 Nd7 11. Ne4 Qc7 12. Rc1 Bd5 13. Ng3 e6 14. Qc2 Qxa5+ 15. Bd2 Bb4 16. Ne4 O-O 17. Be2 Bxd2+ 18. Nexd2 Nb4 19. Qc3 Nd3+ 20. Bxd3 Qxc3 21. bxc3 cxd3 22. c4 Bxf3 23. Nxf3 c5 24. Rd1 cxd4 25. Rxd3 Rac8 26. Rxd4 Nb6 27. Nd2 Rc5 28. O-O Rxe5 29. Ra1 Rc8 30. f4 Rec5 31. Rxa7 Nxc4 32. Rxb7 Nxd2 33. Rxd2 Rc4 34. g3 Rc2 35. Rbd7 h5 36. Kg2 Kg7 37. h4 R2c5 38. Rd8 Rxd8 39. Rxd8 Rc7 40. Ra8 Kf6 41. Ra5 Rd7 42. Rb5 Ke7 43. Ra5 Rb7 44. Ra6 Kd7 45. Kf3 Rb3+ 46. Kg2 Rc3 47. Kf2 Ke7 48. Rb6 Rd3 49. Rb7+ Rd7 50. Rb6 Kd8 51. Rb3 Kc7 52. Kf3 Rd5 53. Ke4 Kc6 54. Rc3+ Kd6 55. Ra3 Rc5 56. Ra6+ Rc6 57. Ra7 Rc3 58. Rxf7 Rxg3 59. Rg7 Rg4 60. Kf3 e5 61. fxe5+ Kxe5 62. Re7+ Kd5 63. Re2 Kd4 64. Re6 Kd5 65. Re2 Kd6 66. Re4 Rxe4 67. Kxe4 Ke6 68. Kf4 Kf6 69. Ke4 Ke6 1/2-1/2

[Event "48th Continental Open"]
[Site "Sturbridge, MA"]
[Date "2018.08.17"]
[Round "4.7"]
[White "Kumar, Aravind"]
[Black "Kavi, Nithin"]
[Result "1-0"]
[ECO "E84"]
[WhiteElo "2169"]
[BlackElo "1995"]
[PlyCount "77"]
[EventDate "2018.08.??"]
[EventType "swiss"]
[EventRounds "9"]
[EventCountry "USA"]
[TimeControl "6000+10"]
[WhiteClock "0:00:16"]
[BlackClock "0:41:58"]

1. d4 Nf6 2. c4 g6 3. Nc3 Bg7 4. e4 d6 5. Nge2 O-O 6. f3 Nc6 7. Be3 Rb8 8. Qd2 a6 9. Rc1 Bd7 10.
Nd1 b5 11. c5 e6 12. Bg5 b4 13. Nf2 Qe8 14. Ng3 a5 15. Be2 h5 16. d5 exd5 17. exd5 Ne7 18. Bxf6 Bxf6 19. Nge4 Bg7 20. O-O Nf5 21. c6 Bc8 22. f4 Qd8 23. Bc4 Ra8 24. Rce1 Ba6 25. Bxa6 Rxa6 26. Ng3 Nd4 27. Ne2 Nf5 28. Ng3 Nd4 29. Re3 Rb6 30. Rd3 h4 31. Nge4 Nf5 32. g4 hxg3 33. hxg3 Rb8 34. g4 Ne7 35. Ng5 Qc8 36. Re1 Re8 37. Rde3 Bf8 38. Qd4 Rb5 39. Qf6 1-0

[Event "48th Continental Open"]
[Site "Sturbridge, MA"]
[Date "2018.08.17"]
[Round "4.11"]
[White "Otchiyev, Arslan"]
[Black "Poliannikov, Danila"]
[Result "1/2-1/2"]
[ECO "C82"]
[WhiteElo "2333"]
[BlackElo "1994"]
[PlyCount "55"]
[EventDate "2018.08.??"]
[EventType "swiss"]
[EventRounds "9"]
[EventCountry "USA"]
[TimeControl "6000+10"]
[WhiteClock "0:49:23"]
[BlackClock "1:12:02"]

1. e4 e5 2. Nf3 Nc6 3. Bb5 a6 4. Ba4 Nf6 5. O-O Nxe4 6. d4 b5 7. Bb3 d5 8. dxe5 Be6 9. c3 Bc5 10. Nbd2 O-O 11. Qe2 Bf5 12. a4 Rb8 13. axb5 axb5 14. Ra6 Bb6 15. Nxe4 dxe4 16. Ng5 Nxe5 17. Nxe4 Qd3 18. Qxd3 Nxd3 19. Ng3 Bg6 20. Be3 Bxe3 21. fxe3 Nc5 22. Ra3 b4 23. cxb4 Rxb4 24. Bd5 Rxb2 25. Rc3 Ne6 26. Bxe6 fxe6 27. Rxf8+ Kxf8 28. Rxc7 1/2-1/2

[Event "48th Continental Open"]
[Site "Sturbridge, MA"]
[Date "2018.08.17"]
[Round "4.13"]
[White "Tang, Jason"]
[Black "Shanmugasundaram, Coimbatore"]
[Result "1/2-1/2"]
[ECO "B47"]
[WhiteElo "1908"]
[BlackElo "2147"]
[PlyCount "116"]
[EventDate "2018.08.??"]
[EventType "swiss"]
[EventRounds "9"]
[EventCountry "USA"]
[TimeControl "6000+10"]
[WhiteClock "0:01:41"]
[BlackClock "0:02:33"]

1. e4 c5 2. Nf3 e6 3. d4 cxd4 4. Nxd4 Nc6 5. Nc3 Qc7 6. f4 a6 7. Nb3 d6 8. Bd3 b5 9. Qf3 Bb7 10. O-O Nf6 11. Be3 Be7 12. Rae1 O-O 13.
Kh1 Nb4 14. Qh3 e5 15. a3 Nxd3 16. cxd3 Bc8 17. Qf3 Bg4 18. Qg3 Be6 19. Nd2 Nh5 20. Qf3 Nxf4 21. Bxf4 exf4 22. Qxf4 Bf6 23. Rc1 Qb6 24. Nf3 h6 25. Qd2 b4 26. axb4 Qxb4 27. Nd5 Qxb2 28. Rc2 Qb5 29. Nxf6+ gxf6 30. Nd4 Qg5 31. Qf2 Rac8 32. Rxc8 Rxc8 33. h4 Qe5 34. Nxe6 Qxe6 35. Qxf6 a5 36. Qa1 Qe5 37. Qxe5 dxe5 38. Ra1 Ra8 39. Ra4 h5 40. Kg1 Kg7 41. Kf2 f5 42. exf5 Kf6 43. Ke3 Kxf5 44. g3 Rg8 45. Kf3 Rd8 46. Ke2 Ra8 47. Ke3 Ra7 48. Kf3 Rd7 49. Ke3 Rd5 50. Ke2 Rb5 51. Kf3 Rd5 52. Ke3 Rc5 53. Kf3 Rd5 54. Ke3 Rb5 55. Kf3 Ke6 56. Ke3 Kd5 57. g4 hxg4 58. Rxg4 Rb8 1/2-1/2

[Event "48th Continental Open"]
[Site "Sturbridge, MA"]
[Date "2018.08.17"]
[Round "4.15"]
[White "Tian, Eddy"]
[Black "Bader, Jeremy"]
[Result "0-1"]
[ECO "B40"]
[WhiteElo "2121"]
[BlackElo "1845"]
[PlyCount "108"]
[EventDate "2018.08.??"]
[EventType "swiss"]
[EventRounds "9"]
[EventCountry "USA"]
[TimeControl "6000+10"]
[WhiteClock "0:00:14"]
[BlackClock "0:00:22"]

1. e4 c5 2. Nf3 e6 3. d3 Nc6 4. g3 Qc7 5. Bg2 Nf6 6. O-O Be7 7. Qe2 d6 8. Nc3 O-O 9. h3 Bd7 10. Be3 Rac8 11. a4 a6 12. Nh2 Nd4 13. Qd2 Rfd8 14. f4 Bc6 15. g4 b5 16. axb5 axb5 17. Ne2 Nxe2+ 18. Qxe2 Ra8 19. Rxa8 Rxa8 20. g5 Nd7 21. f5 Bf8 22. fxe6 fxe6 23. g6 hxg6 24. Qg4 Re8 25. Qxg6 Ne5 26. Qg3 Re7 27. Bf4 Rf7 28. Bxe5 Rxf1+ 29. Bxf1 dxe5 30. Nf3 Bd6 31. Ng5 Qe7 32. Be2 Be8 33. Qh4 Qf6 34. Bh5 Qh6 35. Nxe6 Qxh5 36. Qd8 Qg6+ 37. Ng5 Kf8 38. h4 Be7 39. Qd5 Bxg5 40. hxg5 Qxg5+ 41. Kf2 Qd2+ 42. Kg3 Qf4+ 43. Kg2 Qg5+ 44. Kh2 Qe7 45. c3 Bd7 46. Qa8+ Kf7 47. Qd5+ Kg6 48. Kg3 Qg5+ 49. Kf2 Qd2+ 50. Kf3 Qf4+ 51. Kg2 Bg4 52. Qxc5 Qf3+ 53. Kh2 Qh3+ 54. Kg1 Bf3
0-1

[Event "48th Continental Open"]
[Site "Sturbridge, MA"]
[Date "2018.08.17"]
[Round "4.17"]
[White "Yu, Alex"]
[Black "Riddell, John"]
[Result "1/2-1/2"]
[ECO "B43"]
[WhiteElo "1852"]
[BlackElo "2103"]
[PlyCount "136"]
[EventDate "2018.08.??"]
[EventType "swiss"]
[EventRounds "9"]
[EventCountry "USA"]
[TimeControl "6000+10"]
[WhiteClock "0:00:03"]
[BlackClock "0:02:52"]

1. e4 c5 2. Nf3 e6 3. d4 cxd4 4. Nxd4 a6 5. Nc3 b5 6. Be3 Bb7 7. f3 Qc7 8. Qd2 Nf6 9. g4 b4 10. Nce2 e5 11. g5 Nxe4 12. fxe4 Bxe4 13. Rg1 exd4 14. Nxd4 Nc6 15. O-O-O Nxd4 16. Bxd4 Bf5 17. Bd3 Be6 18. Kb1 Bc5 19. Bxg7 Rg8 20. Bf6 Bxg1 21. Rxg1 Qa5 22. b3 Qc5 23. Rd1 Rg6 24. h4 a5 25. h5 Rxf6 26. gxf6 Qxh5 27. Be4 d5 28. Rh1 Qe5 29. Bxh7 Qxf6 30. Bd3 O-O-O 31. Qe3 d4 32. Ba6+ Kc7 33. Qg3+ Kb6 34. Bd3 Bd5 35. Rf1 Qd6 36. Qg7 Be6 37. Qg5 Qd5 38. Qf6 Rd6 39. Qh8 Qb7 40. Qh4 Qc7 41. Rf4 a4 42. Rxd4 Rxd4 43. Qxd4+ Qc5 44. Qd8+ Ka7 45. bxa4 Qg1+ 46. Kb2 Qg7+ 47. Kc1 Qg1+ 48. Kd2 Qf2+ 49. Be2 Qf4+ 50. Kd1 Bg4 51. Qe7+ Kb8 52. Bxg4 Qxg4+ 53. Kd2 Qd4+ 54. Ke2 Qc4+ 55. Kd2 Qc3+ 56. Kd1 Qd4+ 57. Ke2 Qc4+ 58. Ke1 Qe6+ 59. Qxe6 fxe6 60. Kd2 Kb7 61. Kd3 Kb6 62. Kc4 Ka5 63. Kb3 e5 64. a3 bxa3 65. Kxa3 e4 66. Kb3 e3 67. Kc3 Kxa4 68. Kd3 Kb4 1/2-1/2

[Event "48th Continental Open"]
[Site "Sturbridge, MA"]
[Date "2018.08.17"]
[Round "4.18"]
[White "Falcao, Wesley"]
[Black "Luo, Terry"]
[Result "1/2-1/2"]
[ECO "A15"]
[WhiteElo "2148"]
[BlackElo "1793"]
[PlyCount "100"]
[EventDate "2018.08.??"]
[EventType "swiss"]
[EventRounds "9"]
[EventCountry "USA"]
[TimeControl "6000+10"]
[BlackClock "0:01:05"]

1. c4 Nf6 2. g3 g6 3. Bg2 Bg7 4. Nc3 O-O 5. e3 c6 6. Qb3 d6 7. Nge2 e5 8. h3 Qc7 9. d3 Nbd7 10. O-O Nc5 11. Qd1 a5 12. d4 Ne6 13. f4 Rd8 14. g4 exd4 15. exd4 c5 16. g5 Nh5 17. Nd5 Qb8 18. Be3 Re8 19. Qd2 b5 20. cxb5 Bb7 21. Kh2 Qa7 22. Rad1 Rad8 23. Rf2 Qa8 24. Nb6 Qa7 25. Nc4 Bxg2 26. Rxg2 Qb7 27. d5 Nc7 28. a4 Re4 29. b3 Qc8 30. Nc3 Bxc3 31. Qxc3 Nxf4 32. Bxf4 Rxf4 33. b6 Na6 34. Nxa5 Re8 35. Re1 Rxe1 36. Qxe1 Rf3 37. Rg3 Rxg3 38. Qxg3 Qf5 39. Nc6 Qc2+ 40. Kg1 Qd1+ 41. Kh2 Qc2+ 42. Qg2 Qxb3 43. Qe2 Qxa4 44. Qe3 Qb5 45. Ne7+ Kf8 46. Nc8 Qd7 47. Qc3 Kg8 48. Qa5 Qxc8 49. b7 Qxb7 50. Qd8+ Kg7 1/2-1/2

[Event "48th Continental Open"]
[Site "Sturbridge, MA"]
[Date "2018.08.17"]
[Round "4.19"]
[White "Song, Alan"]
[Black "Padmanabhan, Karthik"]
[Result "0-1"]
[ECO "C78"]
[WhiteElo "2043"]
[BlackElo "1879"]
[PlyCount "98"]
[EventDate "2018.08.??"]
[EventType "swiss"]
[EventRounds "9"]
[EventCountry "USA"]
[TimeControl "6000+10"]
[WhiteClock "0:01:29"]
[BlackClock "0:00:08"]

1. e4 e5 2. Nf3 Nc6 3. Bb5 a6 4. Ba4 Nf6 5. O-O b5 6. Bb3 Bc5 7. c3 d6 8. a4 Rb8 9. d4 Bb6 10. a5 Ba7 11. h3 O-O 12. d5 Ne7 13.
Qe2 Ng6 14. c4 b4 15. Be3 Bxe3 16. Qxe3 Bd7 17. Nbd2 Nf4 18. Ne1 N6h5 19. Bd1 g6 20. Bxh5 Nxh5 21. Nd3 f5 22. Rfc1 f4 23. Qe2 Nf6 24. c5 g5 25. cxd6 cxd6 26. f3 h5 27. Nc4 Bc8 28. Nb6 g4 29. Nxc8 Rxc8 30.
Rxc8 Qxc8 31. Rc1 Qb7 32. Kh2 g3+ 33. Kh1 Rc8 34. Qd1 Rxc1 35.
Nxc1 Qc7 36. Ne2 Nd7 37. Qc1 Nc5 38. Qc2 Qxa5 39. Ng1 Qb5 40.
Ne2 Kf7 41. Kg1 Qd3 42. Qxd3 Nxd3 43. b3 Ke7 44. Kf1 h4 45. Ng1 Nc1 46. Ke1 Nxb3 47. Ne2 a5 48. Kd1 a4 49. Kc2 Nd4+ 0-1